 Dungeon Crawl Stone Soup version 0.22.1 (webtiles) character file.

233 IceCat the Skirmisher (level 6, 0/48 HPs)
             Began as a Formicid Abyssal Knight on Sept 18, 2018.
             Was a Believer of Lugonu.
             Slain by a water moccasin (2 damage)
             ... on level 3 of the Dungeon.
             The game lasted 00:12:43 (3994 turns).

IceCat the Skirmisher (Formicid Abyssal Knight)     Turns: 3994, Time: 00:12:44

Health: 0/48       AC:  7    Str: 16    XL:     6   Next: 25%
Magic:  0/8        EV: 11    Int: 12    God:    Lugonu [**....]
Gold:   127        SH:  0    Dex: 12    Spells: 5/5 levels left

rFire    . . .     SeeInvis +   v - +0 war axe
rCold    . . .     Gourm    .   (no shield)
rNeg     . . .     Faith    .   j - +0 ring mail
rPois    +         Spirit   +   (helmet unavailable)
rElec    .         Reflect  .   d - scarf {Spirit}
rCorr    .         Harm     .   x - +1 pair of gloves
MR       .....                  (no boots)
Stlth    +.........             (no amulet)
HPRegen  0.16/turn              o - ring of poison resistance
MPRegen  0.11/turn              (no ring)

@: lethally poisoned (0 -> -2)
A: permanent stasis, dig shafts and tunnels, four strong arms, antennae 3
a: Dig, Shaft Self, Depart the Abyss, Bend Space, Renounce Religion


You were on level 3 of the Dungeon.
You worshipped Lugonu.
Lugonu was pleased with you.
You were very hungry.

You visited 1 branch of the dungeon, and saw 4 of its levels.
You visited the Abyss 1 time.

You collected 127 gold pieces.

Inventory:

Hand Weapons
 a - a +1 hand axe
 s - a +0 battleaxe
 v - a +0 war axe (weapon)
Armour
 b - a +0 leather armour
 d - a scarf of spirit shield (worn)
 j - a +0 ring mail (worn)
 q - a +0 cloak
 x - a +1 pair of gloves (worn)
Jewellery
 o - a ring of poison resistance (left hand)
Wands
 r - a wand of clouds (2)
Scrolls
 e - 5 scrolls of identify {unknown}
 f - a scroll of teleportation {unknown}
 g - a scroll of enchant armour {unknown}
 h - 3 scrolls of blinking {unknown}
 i - 3 scrolls of immolation {unknown}
 l - a scroll of enchant weapon {unknown}
 w - 3 scrolls of remove curse {unknown}
Potions
 k - a potion of degeneration {unknown}
 m - 2 potions of curing {unknown}
 n - a potion of ambrosia {unknown}
 p - 2 potions of might {unknown}
 t - a potion of flight {unknown}
 u - a potion of brilliance {unknown}
 z - a potion of agility {unknown}
 A - a potion of invisibility {unknown}
Comestibles
 c - 5 rations


   Skills:
 + Level 4.2 Fighting
 * Level 4.2 Axes
 + Level 3.4 Armour
 + Level 1.6 Dodging
 * Level 3.1 Invocations


You had 5 spell levels left.
You didn't know any spells.
Your spell library was empty.

Dungeon Overview and Level Annotations

Branches:
Dungeon (4/15)
 Temple: D:4-7

Altars:
Ru
Wu Jian


Innate Abilities, Weirdness & Mutations

You cannot be hasted, slowed, berserked, paralysed or teleported.
You can dig through walls and to a lower floor.
Your four strong arms can wield two-handed weapons with a shield.
You have a pair of large antennae on your head. (SInv)


Message History

You hit the water moccasin.
The water moccasin is moderately wounded.
You feel sick. The water moccasin misses you. The water moccasin bites you.
You hit the water moccasin but do no damage.
The water moccasin is moderately wounded.
The water moccasin barely misses you.
The water moccasin bites you but does no damage.
You closely miss the water moccasin.
The water moccasin is moderately wounded.
You feel sick. The water moccasin closely misses you.
The water moccasin misses you.
You hit the water moccasin.
The water moccasin is moderately wounded.
The water moccasin closely misses you. The water moccasin bites you.
* * * LOW HITPOINT WARNING * * *
You barely miss the water moccasin.
The water moccasin is moderately wounded.
* * * LOW HITPOINT WARNING * * *
You feel sick. The water moccasin bites you.
You die...

...............#
###.#########.##
....# #.# #####
#.# #.#
####>####
#######
#.......#
#.....#
#.#####S#
#.....# #.# #@#
......# #.# #.#
#.....# #.# #.#
#.....#
#.#####.#
#######
#.......#
####.####
#######.#
#.......#
#.#######


You could see a water moccasin.

Vanquished Creatures
  A gnoll shaman (D:3)
  An orc wizard (D:3)
  A killer bee zombie (D:3)
  3 adders
  4 gnolls (D:2)
  An ooze (D:1)
  3 worms
  3 dart slugs
  A leopard gecko (D:3)
  3 orcs (D:3)
  3 giant cockroaches
  8 hobgoblins
  8 jackals
  A quokka (D:1)
  9 bats
  2 frilled lizards (D:1)
  8 goblins
  7 kobolds
  5 rats
72 creatures vanquished.

Notes
Turn   | Place    | Note
-------+----------+-------------------------------------------
     0 | Abyss:1  | IceCat the Formicid Abyssal Knight began the quest for the
                  | Orb.
     0 | Abyss:1  | Reached XP level 1. HP: 18/18 MP: 2/2
    39 | Abyss:1  | Found a corrupted altar of Lugonu.
   111 | Abyss:1  | Noticed a large abomination
   152 | Abyss:1  | Noticed a thrashing horror
   158 | Abyss:1  | Noticed an orange demon
   177 | D:1      | Escaped the Abyss
   233 | D:1      | Reached XP level 2. HP: 21/24 MP: 3/3
   299 | D:1      | Reached * piety under Lugonu
   403 | D:1      | Reached skill level 1 in Dodging
   403 | D:1      | Reached XP level 3. HP: 19/30 MP: 2/4
  1223 | D:2      | Reached XP level 4. HP: 26/37 MP: 5/5
  2019 | D:2      | Reached ** piety under Lugonu
  2075 | D:2      | Found an ornate altar of the Wu Jian Council.
  2153 | D:2      | Reached XP level 5. HP: 42/42 MP: 6/6
  3351 | D:3      | Found a sacrificial altar of Ru.
  3373 | D:3      | Reached XP level 6. HP: 46/48 MP: 8/8
  3970 | D:4      | Noticed a water moccasin
  3993 | D:3      | HP: 2/48 [water moccasin (4)]
  3994 | D:3      | Slain by a water moccasin

Skill      XL: |  1  2  3  4  5 |
---------------+----------------+-----
Dodging        | 1 |  1.6
Axes           | 3 4 |  4.2
Fighting       | 4 |  4.2
Armour         | 3 |  3.4
Invocations    | 3 |  3.1

Action                   |  1- 3 |  4- 6 || total
-------------------------+-------+-------++-------
Melee: Hand axe          |   111 |   108 ||   219
       Battleaxe         |       |    13 ||    13
       War axe           |       |    53 ||    53
Invok: Depart the Abyss  |     1 |       ||     1
       Bend Space        |       |     1 ||     1
 Stab: Paralysed         |       |     1 ||     1
  Eat: Chunk             |       |     9 ||     9
Armor: Leather armour    |    15 |       ||    15
       Ring mail         |    48 |    63 ||   111
Dodge: Dodged            |    89 |   137 ||   226
